AoeStats
← MLGGandalf

Nomad

506362662Analyzed
4v4 RM · 17d ago on Sep 13, 2026· 141m 4s· 8 players
Game mode
Random Map
Map size
231×231
Population
200
Speed
Normal
Resources
Standard
Victory
Conquest
Starting age
Dark Age
Ending age
Imperial Age
RankedLock teamsTeams togetherTeam positionsShared explorationLock speedFull tech treeHidden civsTurbo modeCheats
Victory
Defeat
🇳🇱 Vietnamese · Netherlands
1115
+14
🇳🇱 Hindustanis · Netherlands
1082
+15
🇳🇱 Portuguese · Netherlands
961
+42
🇳🇱 Franks · Netherlands
936
+47
🇹🇼 Mongols · Taiwan
1076
-18
🇹🇼 Khmer · Taiwan
1066
-18
🇩🇪 Franks · Germany
1060
-18
🇭🇰 Spanish · Hong Kong SAR China
1032
-17
krafrijo
15:48 Feudal Age
22:55 Castle Age
21:18 Scale Barding Armor
21:25 Forging
21:24 Fishing Lines
22:50 Town Watch
22:55 Double-Bit Axe
24:43 Gillnets
25:18 Bow Saw
29:52 Chain Barding Armor
30:47 Iron Casting
35:23 Fletching
36:17 Murder Holes
36:43 Ballistics
37:40 Bodkin Arrow
41:41 Imperial Age
41:21 Masonry
41:55 Cavalier
44:35 Husbandry
46:24 Plate Barding Armor
46:50 Blast Furnace
48:19 Elite Throwing Axeman
49:24 #83
49:10 Chivalry
53:58 Paladin
80:50 Light Cavalry
101:15 Conscription
107:04 Wheelbarrow
121:01 Scale Mail Armor
120:35 Pikeman
121:40 Squires
121:12 Halberdier
122:17 Chain Mail Armor
Hank饅頭
5:31 Loom
14:12 Feudal Age
14:39 Double-Bit Axe
35:31 Castle Age
38:08 Bow Saw
46:45 Horse Collar
48:18 Crossbowman
51:45 Scale Mail Armor
51:55 Forging
52:02 Pikeman
62:27 Medium Warships
66:58 Man-at-Arms
67:39 Squires
69:15 Squires
77:15 Imperial Age
75:04 Chain Mail Armor
76:41 Wheelbarrow
76:04 Gold Mining
79:08 Iron Casting
78:39 Scale Barding Armor
80:29 Hand Cart
79:49 Elite Steppe Lancer
80:30 Husbandry
80:41 Bloodlines
81:34 Blast Furnace
80:55 Chain Barding Armor
82:04 Gold Shaft Mining
90:35 Chemistry
89:56 Ballistics
89:42 Siege Engineers
91:33 Heavy Warships
94:06 Light Cavalry
98:04 Conscription
98:10 Drill
99:00 Heavy Warships
108:46 Hussar
117:04 Clinker Construction
117:23 Shipwright
123:18 Heavy Camel Rider
140:06 Plate Mail Armor
天線迪西
7:44 Loom
15:40 Feudal Age
17:38 Double-Bit Axe
17:39 Fishing Lines
21:21 Castle Age
19:11 Town Watch
20:05 Wheelbarrow
19:28 Horse Collar
22:05 Gillnets
26:28 Heavy Plow
27:34 Husbandry
30:02 Scale Barding Armor
30:08 Forging
33:50 Imperial Age
31:20 Gold Mining
31:22 Stone Mining
31:51 Bow Saw
32:30 Hand Cart
33:35 Bloodlines
33:58 Chain Barding Armor
34:14 Iron Casting
33:30 Fletching
34:18 Gold Shaft Mining
36:53 Town Patrol
37:29 Conscription
39:27 Medium Warships
40:32 Chemistry
39:53 Ballistics
39:58 Elite Ballista Elephant
40:42 Heated Shot
42:11 Bodkin Arrow
42:16 Padded Archer Armor
43:40 Stone Shaft Mining
44:43 Double Crossbow
47:44 Crop Rotation
47:45 Bracer
48:01 Leather Archer Armor
48:08 Tusk Swords
53:14 Siege Engineers
53:04 Murder Holes
53:20 Fortified Wall
52:36 Capped Ram
54:29 Ring Archer Armor
54:35 Plate Barding Armor
55:00 Blast Furnace
54:40 Scale Mail Armor
54:16 Siege Ram
57:38 Hoardings
57:17 Masonry
91:12 Heavy Warships
91:20 Chain Mail Armor
107:27 Fervor
117:46 Architecture
120:04 Light Cavalry
124:55 Hussar
128:39 Elite Cannon Galleon
Shin Kawashima
12:50 Loom
14:37 Feudal Age
16:03 Horse Collar
21:55 Double-Bit Axe
25:33 Castle Age
23:34 Gold Mining
29:38 Padded Archer Armor
31:08 Leather Archer Armor
31:40 Bloodlines
31:31 Husbandry
35:45 Bow Saw
35:37 Heavy Plow
38:53 Imperial Age
40:46 Conscription
43:33 Ring Archer Armor
44:07 Two-Man Saw
Tapi
12:38 Loom
14:55 Feudal Age
15:01 Man-at-Arms
20:03 Fletching
24:43 Castle Age
25:07 Padded Archer Armor
28:49 Double-Bit Axe
29:06 Horse Collar
31:41 Bow Saw
33:10 Heavy Plow
34:53 Wheelbarrow
35:02 Bodkin Arrow
36:30 Leather Archer Armor
36:45 Ballistics
37:46 Hand Cart
39:00 Thumb Ring
41:03 Gold Mining
44:03 Imperial Age
43:16 Scale Barding Armor
43:21 Forging
43:44 Chatras
45:01 Bracer
46:04 Chemistry
45:34 Elite Rattan Archer
52:03 Husbandry
52:13 Bloodlines
51:24 Elite Battle Elephant
55:10 Paper Money
58:54 Chain Barding Armor
59:09 Iron Casting
60:00 Sappers
65:19 Stone Mining
68:27 Plate Barding Armor
71:42 Caravan
73:28 Ring Archer Armor
75:21 Elite Skirmisher
77:25 Onager
91:01 Imperial Skirmisher
92:10 Town Watch
113:55 Light Cavalry
MLGGandalf
4:05 Loom
13:27 Feudal Age
17:20 Wheelbarrow
17:55 Bloodlines
23:17 Castle Age
26:32 Scale Barding Armor
26:38 Forging
27:59 Town Watch
29:35 Husbandry
31:43 Iron Casting
31:10 Double-Bit Axe
31:06 Horse Collar
33:55 Hand Cart
35:03 Chain Barding Armor
35:00 Bow Saw
35:49 Heavy Plow
36:08 Gold Mining
37:58 Gold Shaft Mining
37:56 Stone Mining
46:26 Imperial Age
45:09 Stone Shaft Mining
44:27 Fletching
45:57 Bodkin Arrow
48:07 Plate Barding Armor
48:24 Conscription
47:44 Heavy Camel Rider
49:55 Blast Furnace
49:06 Imperial Camel Rider
53:09 Bracer
54:12 Two-Man Saw
53:55 Elite Ghulam
58:33 Chemistry
57:54 Ballistics
57:47 Masonry
68:24 Town Patrol
69:02 Caravan
78:15 Light Cavalry
79:09 Elite Cannon Galleon
88:20 Hussar
102:08 Medium Warships
123:44 Heavy Warships
Dorlov
12:25 Loom
16:08 Feudal Age
17:43 Man-at-Arms
27:18 Castle Age
25:42 Double-Bit Axe
25:57 Gold Mining
26:37 Padded Archer Armor
27:32 Long Swordsman
29:26 Pikeman
33:20 Arson
38:23 Wheelbarrow
40:38 Gambesons
43:17 Horse Collar
48:00 Imperial Age
45:40 Fishing Lines
47:49 Clinker Construction
47:42 Circumnavigation
50:31 Elite Caravel
53:15 Fortified Wall
61:15 Guilds
62:50 Elite Organ Gun
71:25 Ballistics
71:20 Scale Mail Armor
71:37 Leather Archer Armor
79:11 Halberdier
80:48 Gillnets
88:13 Arquebus
88:39 Conscription
107:04 Chemistry
111:03 Chain Mail Armor
111:05 Forging
111:29 Two-Handed Swordsman
129:54 Town Watch
130:25 Hand Cart
130:04 Champion
martijn
3:20 Loom
14:38 Feudal Age
26:13 Double-Bit Axe
37:33 Castle Age
43:41 Light Cavalry
44:28 Husbandry
46:30 Scale Barding Armor
46:43 Forging
63:10 Pikeman
63:55 Squires
64:04 Scale Mail Armor
64:41 Iron Casting
67:02 Chain Mail Armor
75:41 Stone Mining
75:42 Gold Mining
77:56 Medium Warships
78:48 Bow Saw
81:16 Chain Barding Armor
87:31 Imperial Age
88:34 Cavalier
95:49 Plate Mail Armor
Connection lost

Rejoining the realm…

Still unreachable

The connection could not be restored.

Session expired

The server has moved on; the page needs a fresh start.